Chunners, chaotic female human Monk --------------------------------------- --- -------- ---- |.........0.............@.............| --.--- |......-- |..- |.----------------#----%-------------.| |....---- ---- ---.......|---... |.| ...00[. |[| |.......--...-- |.........--....--|.| - -....oo-- |)| --.............-- |................||.|.| |....o. 001 0 0 |.---..----.........-- |................--.#.| |......- 110 10 0|.........>..........- -..................|.| |...0.1| |.#.-.------..--.---- ..| |.................[| | -....11- -.|0..|.-- ----|...| -- --...<............%| ..... .. . |......--- ---.-- -.........-----.|..| ..{... .1 .. |........-- |..-- |..........| --|..| ....--. -- ... |.........| |...| |..........- --.| ----. . -|- |.......--- --.-- |........... |.| |. . . |.....--- --- ---.........| |.| . (_ | .. |.....| |..---..--- |.| . . |. |. | |....-| --. ---- |.| -------------.-------.---------.|.....| -- |0|.................................#.%..-- |.-----------#------------#----------..--- |0.....................%)..).[..%%....-- -------------------------------------- Chunners the Initiate Experience level: 8 Strength: 25 Dexterity: 11 Constitution: 12 Intelligence: 9 Wisdom: 10 Charisma: 10 Health: 0(56) Energy: 40(40) AC: 4 Gold: 1164 Moves: 3000 Your Inventory: Coins $ - 1164 gold pieces Armor a - an uncursed +2 pair of leather gloves b - an uncursed burnt +1 robe (being worn) v - an [uncursed] +0 pair of leather gloves of power (being worn) w - an [uncursed] +0 Hawaiian shirt (being worn) C - a cursed burnt +0 elven leather helm (being worn) D - an [uncursed] +0 pair of iron shoes (being worn) O - an [uncursed +0] pair of jungle boots [jumping] Comestibles f - 5 uncursed food rations g - 5 uncursed apples h - 5 uncursed oranges i - 5 uncursed fortune cookies n - an uncursed cream pie t - an [uncursed] slime mold S - an [uncursed stale] egg U - an [uncursed] lichen corpse Scrolls K - an [uncursed] scroll labeled SODALG [of destroy armor] M - an [uncursed] scroll labeled LOREN IPSUM [of teleportation] Spellbooks q - an [uncursed] spellbook of sleep Potions e - an uncursed potion of healing Z - an [uncursed] bubbly potion [of extra healing] Rings j - a cursed [-3] quartz ring [of gain wisdom] r - a [cursed -3] porcelain ring [of gain dexterity] B - an [uncursed] jacinth ring [of free action] J - an [uncursed] moonstone ring [of fire resistance] P - a [cursed] steel ring [of hunger] Wands p - an [uncursed] spiked wand [of locking (0:5)] z - an [uncursed] wand of magic missile [0:5] Q - a [blessed] wand of magic missile [0:3] T - an [uncursed] copper wand [of speed monster (0:4)] Tools E - an [uncursed +0] pick-axe F - an [uncursed oil] lamp (lit) N - an [uncursed +0] unicorn horn R - an [uncursed wax] candle V - 2 [uncursed tallow] candles W - an [uncursed] key [skeleton key] Spells known in the end: Name Level Category Fail Memory a - protection 1 clerical 0% [|||||||.] b - sleep 1 enchantment 0% [||||||||] Your skills at the end: Fighting Skills martial arts [Skilled / Grand Master] Weapon Skills Spellcasting Skills healing spells [Basic / Expert] Final Attributes: You were piously aligned. Hunger level was 1843. Your alignment was 25 / 25. Monster difficulty range was 1 - 8. Level difficulty was 8. You were immune to sleep. You were immune to poison. You saw invisible. You were warned. You were stealthy. You aggravated monsters. You could teleport. You were very fast. You were lucky (1). You are dead. Vanquished creatures: a leprechaun an orc-captain a white unicorn 11 Mordor orcs 9 gnome lords a gnomish wizard a kitten 7 dwarves 3 kobold shamans 8 hill orcs a centipede an iguana 2 hobbits 2 cave spiders a brown mold 2 yellow molds 31 gnomes 6 garter snakes 3 gnome zombies 2 geckos 6 jackals 2 foxes a kobold 9 goblins 5 grid bugs a lichen 4 newts 122 creatures vanquished. Voluntary challenges: You pretended to be a vegetarian. You never hit with a wielded weapon. You read items or engraved 3 times. You put on armor 8 times. You never genocided any monsters. You never polymorphed an object. You never changed form. You used no wishes. You never wrote Elbereth's name. You never encountered a bones level. You never used any Sokoban shortcuts. Dungeon overview: The Dungeons of Doom: levels 1 to 4 Level 1 a long staircase Level 2 an altar, a fountain Level 3 an armor shop, a fountain Level 4 a sink stairs to The Gnomish Mines The Gnomish Mines: levels 5 to 8 Level 5 stairs to The Dungeons of Doom Level 8 <- You were here a temple, a magic chest, a fountain History has recorded: On T:1 you entered the Dungeons of Doom to retrieve the Amulet of Yendor! On T:493 you reached level 2 of The Dungeons of Doom. On T:683 you advanced to experience level 2. On T:796 you advanced to experience level 3. On T:810 you reached level 3 of The Dungeons of Doom. On T:1099 you reached level 4 of The Dungeons of Doom. On T:1152 you advanced to experience level 4. On T:1311 you advanced to experience level 5. On T:1417 you reached level 1 of The Gnomish Mines. On T:1614 you advanced to experience level 6. On T:1961 you reached level 2 of The Gnomish Mines. On T:1989 you advanced to experience level 7. On T:2353 you advanced to experience level 8. On T:2417 you reached level 3 of The Gnomish Mines. On T:2732 you reached level 4 of The Gnomish Mines. Latest messages: Your spellbook of protection catches fire and burns! Your leather helmet smoulders! [HP-24=19] The dart of detonation hits the hill orc. The dart of detonation explodes! You kill it! The hill orc is caught in the fireball! You kill the hill orc! The orc shaman is caught in the fireball! You see a puff of smoke. The dart of detonation slips as you throw it! The dart of detonation explodes! You are caught in the fireball! Your scroll labeled VELOX NEB catches fire and burns! Your black potion boils and explodes! For an instant you could see right through yourself! Your potion of sleeping boils and explodes! You yawn. Your robe smoulders! You die... Final status: Punardarsanaya Chunners the Monk... You died in The Gnomish Mines on dungeon level 8 with 2394 points, and 1164 pieces of gold, after 3000 moves. You were level 8 with a maximum of 56 hit points when you died.